 Dungeon Crawl Stone Soup version 0.31-a0-177-g4aa6249778 (webtiles) character file.

Game seed: 13150697642654782360

80 qw the Chopper (level 4, -4/28 HPs)
             Began as a Gargoyle Fighter on June 18, 2023.
             Slain by Sigmund
             ... wielding a +0 scythe
              (8 damage)
             ... on level 3 of the Dungeon.
             The game lasted 00:00:52 (1625 turns).

qw the Chopper (Gargoyle Fighter)                   Turns: 1625, Time: 00:00:52

Health: -4/28      AC: 16    Str: 21    XL:     4   Next: 39%
Magic:  4/4        EV:  5    Int:  9    God:
Gold:   106        SH:  4    Dex:  9    Spells: 3/3 levels left

rFire   . . .        Y - +0 war axe
rCold   . . .        c - +0 buckler
rNeg    + . .        k - +0 plate armour
rPois   inf          (no helmet)
rElec   +            (no cloak)
rCorr   .            b - +0 pair of gloves
SInv    .            (no boots)
Will    .....        (no amulet) Stlth
                     (no ring)
HPRegen 0.24/turn    (no ring)
MPRegen 0.09/turn

%: no passive effects
@: no status effects
A: sickness immunity, AC +3, negative energy resistance 1, electricity
resistance, torment resistance 1, petrification resistance
a: no special abilities


You were on level 3 of the Dungeon.
You visited 1 branch of the dungeon, and saw 3 of its levels.

You collected 106 gold pieces.


Innate Abilities, Weirdness & Mutations

You are immune to sickness and miasma.
Your stone body is resilient. (AC +3)
You are immune to poison.
You resist negative energy. (rN+)
You are resistant to electric shocks. (rElec)
You are resistant to unholy torment.
You are immune to petrification.


   Skills:
 - Level 3.2 Fighting
 + Level 4.1 Axes
 - Level 3.2 Armour
 - Level 3.2 Shields


You had 3 spell levels left.
You didn't know any spells.
Your spell library was empty.

Inventory:

Hand Weapons
 h - a +2 mace of protection
 Y - a +0 war axe (weapon)
Armour
 b - a +0 pair of gloves (worn)
 c - a +0 buckler (worn)
 k - a +0 plate armour (worn)
Scrolls
 g - 2 scrolls of identify
Potions
 d - a potion of might

Dungeon Overview and Level Annotations

Branches:
Dungeon (3/15)

Altars:

Annotations:
D:2 1 runed translucent door, Crazy Yiuf
D:3 Sigmund


Message History

Something hits you but does no damage.
A rat comes into view.
You miss the frilled lizard. You closely miss something.
The frilled lizard bites you but does no damage.
Something hits you.
A rat comes into view.
You block the frilled lizard's attack.
You closely miss the frilled lizard. You hit something but do no damage.
You block the frilled lizard's attack.
The rat is engulfed in noxious fumes.
The rat appears confused.
Something completely misses you.
You barely miss the orc. You slash something!
You closely miss the frilled lizard. The orc barely misses you.
The frilled lizard barely misses you. The orc completely misses you.
The orc laughs at nothing.
You barely miss the orc. You hit something but do no damage.
You hit the frilled lizard.
You kill the frilled lizard!
Something hits you! The orc barely misses you.
The rat splashes around in the water.
The rat barely misses itself.
You closely miss the orc. You closely miss something.
You barely miss the kobold. You slash the rat!
You kill the rat!
Something hits you. The orc hits you but does no damage.
The kobold hits you but does no damage.
The orc hits the worm with a +0 trident!
The orc hits itself with a +0 trident.
You closely miss the orc. You hit something. You slash the kobold!
You kill the kobold!
The orc hits you but does no damage. Something completely misses you.
A dart slug comes into view.
The orc hits you but does no damage.
You hit the orc but do no damage. You closely miss something.
Something hits you! The orc hits you but does no damage.
You barely miss the worm.
The worm is moderately wounded.
You hit the orc. You barely miss something.
The orc gestures wildly.
The orc hits you but does no damage. Something hits you!
You die...

..# ~.0 0.~
.. w~ ..~~
#.# .~ ~~~.
..# ?#r.. ..
.#.. #.#.o#
##.{w.###
#..@o...#
#..<%..<#
#..%....#
..........#
####.......#
#.......#
#.......#
#####....
.....


You could see a worm, a dart slug, 2 orcs and a rat (confused).

Vanquished Creatures
  2 adders (D:2)
  A worm (D:2)
  2 dart slugs
  6 bats
  2 endoplasms
  7 hobgoblins
  3 jackals (D:1)
  8 kobolds
  2 quokkas
  8 ball pythons
  3 frilled lizards
  4 goblins
  2 rats
50 creatures vanquished.

Notes
Turn   | Place    | Note
-------+----------+-------------------------------------------
     0 | D:1      | qw the Gargoyle Fighter began the quest for the Orb.
     0 | D:1      | Reached XP level 1. HP: 14/14 MP: 1/1
     0 | D:1      | 0 ||| qw: Version: 0.3-a-7-ge0c9b40
     0 | D:1      | 0 ||| qw: Game counter: 813
     0 | D:1      | 0 ||| qw: Always use a shield: true
     0 | D:1      | 0 ||| qw: God list: Okawaru
     0 | D:1      | 0 ||| qw: Allow faded altars: false
     0 | D:1      | 0 ||| qw: Do Orc after D:15 true
     0 | D:1      | 0 ||| qw: Do second Lair branch before Depths: true
     0 | D:1      | 0 ||| qw: Lair rune preference: random
     0 | D:1      | 0 ||| qw: Plans: Normal, Zot:1-4, Slime:5, God:TSO, Crypt,
                  | Tomb, Abyss, Pan, Hells, Win
     0 | D:1      | 0 ||| PLANNING D:1-11
    25 | D:1      | 25 ||| Stepping ~*~*~tactically~*~*~ (stealth).
    37 | D:1      | Reached skill level 2 in Axes
    96 | D:1      | 96 ||| DROPPING +0 club.
   107 | D:1      | Reached XP level 2. HP: 18/19 MP: 2/2
   236 | D:1      | 236 ||| Stepping ~*~*~tactically~*~*~ (hiding).
   237 | D:1      | 237 ||| Stepping ~*~*~tactically~*~*~ (stealth).
   256 | D:1      | Reached skill level 3 in Axes
   260 | D:1      | Reached XP level 3. HP: 13/23 MP: 3/3
   749 | D:1      | 749 ||| UPGRADING to +0 chain mail.
   759 | D:1      | 759 ||| DROPPING +0 scale mail.
   760 | D:1      | 760 ||| READING scroll labelled VIFEOR NOMA.
   761 | D:1      | 761 ||| READING 2 scrolls labelled DISKU OWAURGHO.
   963 | D:2      | 963 ||| Stepping ~*~*~tactically~*~*~ (hiding).
  1080 | D:2      | Found a faded altar of an unknown god.
  1117 | D:2      | 1117 ||| Stepping ~*~*~tactically~*~*~ (stealth).
  1121 | D:2      | Reached XP level 4. HP: 28/28 MP: 4/4
  1171 | D:2      | 1171 ||| Stepping ~*~*~tactically~*~*~ (stealth).
  1174 | D:2      | 1174 ||| Stepping ~*~*~tactically~*~*~ (stealth).
  1193 | D:2      | 1193 ||| Stepping ~*~*~tactically~*~*~ (hiding).
  1194 | D:2      | 1194 ||| Stepping ~*~*~tactically~*~*~ (hiding).
  1338 | D:2      | Found a runed translucent door.
  1339 | D:2      | Noticed Crazy Yiuf
  1394 | D:2      | Reached skill level 4 in Axes
  1515 | D:2      | 1515 ||| UPGRADING to +0 pair of gloves.
  1520 | D:2      | 1520 ||| UPGRADING to +0 plate armour.
  1530 | D:2      | 1530 ||| DROPPING +0 chain mail.
  1531 | D:2      | 1531 ||| READING scroll labelled XOMAES VAON.
  1532 | D:2      | 1532 ||| READING scroll labelled ZIFAOC GITUARO.
  1533 | D:2      | 1533 ||| READING scroll labelled BAASKA IHUCIOT.
  1589 | D:2      | 1589 ||| READING 3 scrolls of identify.
  1589 | D:2      | 1589 ||| IDENTIFYING bubbling red potion
  1610 | D:3      | Noticed Sigmund
  1614 | D:3      | 1614 ||| DRINKING potion of curing.
  1614 | D:3      | 1614 ||| (to cure confusion)
  1624 | D:3      | HP: 4/28 [something (8)]
  1625 | D:3      | Slain by Sigmund

Levels and vault maps discovered:
D:1:      eino_arrival_water_cross, layout_loops_ring, kennysheep_nondescript,
          st_stairs_5
D:2:      layout_rooms, hellmonk_ecumenical_altar_leap_of_faith,
          uniq_crazy_yiuf_cottage
D:3:      layout_rooms, nzn_wu_jian_contemplation, xom_confusion_cloud,
          serial_shops, nicolae_shop_hallway_stairs, uniq_sigmund

Skill      XL: |  1  2  3  4 |
---------------+-------------+-----
Axes           | 2 3 4 |  4.1
Fighting       | |  3.2
Armour         | |  3.2
Shields        | |  3.2

Action                     |  1- 3 |  4- 6 || total
---------------------------+-------+-------++-------
  Melee: War axe           |    90 |    43 ||   133
    Use: Scroll            |     2 |     4 ||     6
         Potion            |       |     1 ||     1
 Armour: Scale mail        |    48 |       ||    48
         Chain mail        |     7 |    26 ||    33
         Plate armour      |       |    11 ||    11
  Dodge: Dodged            |    38 |    17 ||    55
  Block: Buckler           |    13 |     7 ||    20

Table legend:
 A = Non-vault XP
 B = Vault XP
 C = Vault XP percentage of total XP
 D = Non-vault monster count
 E = Vault monster count
 F = Vault count percentage of total count
                 A         B        C        D         E       F
            +---------+---------+-------+---------+---------+-------
      Total |     107 |       8 |   7.0 |      44 |       6 |  12.0
            +---------+---------+-------+---------+---------+-------
        D:1 |      46 |       4 |   8.0 |      24 |       3 |  11.1
        D:2 |      60 |       0 |   0.0 |      19 |       0 |   0.0
        D:3 |       1 |       4 |  80.0 |       1 |       3 |  75.0
            +---------+---------+-------+---------+---------+-------
